 Dungeon Crawl Stone Soup version 0.28.0-45-g0d030f2227 (webtiles) character file.

Game seed: 7203666453228931347

100485 theElss the Bludgeoner (level 16, -3/101 HPs)
             Began as a Gargoyle Berserker on Apr 16, 2022.
             Was the Champion of Trog.
             Shot with a bolt by a naga sharpshooter (19 damage)
             ... on level 1 of the Snake Pit.
             The game lasted 00:57:59 (26381 turns).

theElss the Bludgeoner (Gargoyle Berserker)        Turns: 26381, Time: 00:58:01

Health: -3/101     AC: 30    Str: 28    XL:     16   Next: 27%
Magic:  0/16       EV: 13    Int: 11    God:    Trog [******]
Gold:   2354       SH: 20    Dex:  9    Spells: 15/15 levels left

rFire   + + .      SeeInvis +   U - +6 mace of Tumult {speed, rF++ rC- Dex-5 SInv}
rCold   . . .      Faith    .   q - +8 kite shield of Tender Moments {rElec}
rNeg    + . .      Spirit   +   B - +1 ring mail of Pantheism {rC+ Str+4 Dex+3}
rPois   ∞          Reflect  .   J - +0 helmet
rElec   +          Harm     .   O - +2 cloak
rCorr   .          Rampage  .   e - +0 pair of gloves
Will    ++...                   Q - +2 pair of boots
Stlth   ..........              i - amulet of guardian spirit
HPRegen 0.26/turn               d - +4 ring of slaying
MPRegen 0.15/turn               T - ring of willpower

@: flying
A: sickness immunity, AC +12, big wings, negative energy resistance 1,
electricity resistance, torment resistance 1, petrification resistance
a: Renounce Religion, Berserk, Trog's Hand, Brothers in Arms


You were on level 1 of the Snake Pit.
You worshipped Trog.
Trog was exalted by your worship.
You visited 4 branches of the dungeon, and saw 24 of its levels.

You collected 2354 gold pieces.

Inventory:

Hand Weapons
 g - a +2 vorpal flail
 o - a +3 demon whip
 U - the +6 mace of Tumult (weapon) {speed, rF++ rC- Dex-5 SInv}
   (You found it on level 3 of the Lair of Beasts)

   Attacks with this weapon are significantly faster.
   Dex:       It affects your dexterity (-5).
   rF:        It greatly protects you from fire.
   rC:        It makes you vulnerable to cold.
   SInv:      It lets you see invisible.
Armour
 e - a +0 pair of gloves (worn)
 q - the +8 kite shield of Tender Moments (worn) {rElec}
   (You found it on level 8 of the Dungeon)

   rElec:     It insulates you from electricity.
 B - the +1 ring mail of Pantheism (worn) {rC+ Str+4 Dex+3}
   (You found it on level 8 of the Dungeon)

   Str:       It affects your strength (+4).
   Dex:       It affects your dexterity (+3).
   rC:        It protects you from cold.
 J - a +0 helmet (worn)
 O - a +2 cloak (worn)
 Q - a +2 pair of boots (worn)
Jewellery
 d - a +4 ring of slaying (left hand)
 i - an amulet of guardian spirit (around neck)
 w - a ring of resist corrosion
 S - a ring of protection from fire
 T - a ring of willpower (right hand)
 V - a ring of fire
 W - a ring of fire
Wands
 m - a wand of acid (31)
 n - a wand of polymorph (23)
 D - a wand of paralysis (4)
 H - a wand of flame (9)
 L - a wand of iceblast (10)
 N - a wand of mindburst (14)
Scrolls
 a - 3 scrolls of torment {unknown}
 c - 2 scrolls of summoning
 j - 7 scrolls of teleportation
 r - 2 scrolls of fear
 s - 5 scrolls of blinking
 y - 2 scrolls of enchant armour
 z - a scroll of brand weapon {unknown}
 E - 2 scrolls of fog {unknown}
 F - 3 scrolls of immolation
 M - 4 scrolls of enchant weapon
 P - a scroll of noise {unknown}
 R - 2 scrolls of vulnerability
 X - 2 scrolls of silence {unknown}
Potions
 b - 4 potions of haste
 f - a potion of ambrosia
 h - 2 potions of resistance
 k - 8 potions of curing
 l - 4 potions of might
 p - 4 potions of cancellation
 u - a potion of magic
 v - 2 potions of lignification
 x - 2 potions of invisibility
 A - 2 potions of heal wounds
 G - 2 potions of mutation
 I - 3 potions of attraction
Miscellaneous
 C - a phial of floods


   Skills:
 + Level 11.9 Fighting
 - Level 17.5 Maces & Flails
 + Level 11.6 Armour
 + Level 9.0 Dodging
 - Level 15.0 Shields
 + Level 4.8 Evocations


You had 15 spell levels left.
You didn't know any spells.
Your spell library was empty.

Dungeon Overview and Level Annotations

Branches:
Dungeon (15/15)            Temple (0/1) D:7            Lair (6/6) D:9
 Shoals (0/4) Lair:2        Snake (1/4) Lair:4        Slime (0/5) Lair:5
    Orc (2/2) D:10            Elf (0/3) Orc:2        Vaults (0/5) D:14
 Depths: D:15

Altars:
Dithmenos
Fedhas
Hepliaklqana
Makhleb
Nemelex Xobeh
Xom
Beogh

Shops:
D:11 :   D:13 [   Orc:2 (*[?

Annotations:
D:14 3 runed translucent doors, Loaffothri's ghost, journeyman HuAr; Wopp's ghost, journeyman GrEE
D:15 Louise
Lair:4 exclusion: 5 oklob plants


Innate Abilities, Weirdness & Mutations

You are immune to sickness and miasma.
Your stone body is resilient. (AC +12)
You are immune to poison.
Your large and strong wings let you fly.
You resist negative energy. (rN+)
You are resistant to electric shocks. (rElec)
You are resistant to unholy torment.
You are immune to petrification.


Message History

Trog accepts your kill.
Trog appreciates your killing of a magic user.
The naga sharpshooter shoots a bolt.
The bolt closely misses you.
The naga sharpshooter gestures wildly while chanting.
The naga sharpshooter magically shoots a bolt.
The bolt hits you but does no damage.
A naga sharpshooter comes into view. It is wielding a +0 halberd.
The naga sharpshooter shouts!
You hear a shout!
The mana viper bites you!
You feel your power leaking away.
The naga sharpshooter shoots a bolt.
The bolt hits you! The bolt freezes you.
The naga sharpshooter shoots a bolt.
You block the bolt.
The mana viper bites you but does no damage.
You hear a shout!
The naga sharpshooter unwields a +0 scimitar.
The naga sharpshooter wields a +0 arbalest.
The naga sharpshooter gestures wildly while chanting.
The naga sharpshooter magically shoots a bolt.
You block the bolt.
The naga sharpshooter casts a spell.
The naga sharpshooter magically shoots a bolt.
You block the bolt. The mana viper bites you!
You feel your power leaking away.
The naga sharpshooter shoots a bolt.
The bolt hits you!!
* * * LOW HITPOINT WARNING * * *
The naga sharpshooter shoots an arrow.
The arrow hits you but does no damage.
The naga sharpshooter spits poison at you.
The splash of poison hits you but does no damage.
You resist.
The naga sharpshooter gestures wildly while chanting.
The naga sharpshooter magically shoots an arrow.
You block the arrow. You block the mana viper's attack.
The naga sharpshooter shoots a bolt.
You block the bolt.
The mana viper bites you but does no damage.
The naga sharpshooter shoots an arrow.
You block the arrow.
The naga sharpshooter casts a spell.
The naga sharpshooter magically shoots a bolt.
The bolt hits you!!
You die...

#.# #..##.............
#.###..##.............
#..##..##.............
##.##..##....≈≈≈≈≈≈≈≈≈
#.##..##....≈≈≈≈≈≈≈≈
#†.#..##....≈≈.NN.N.
##.#..###.".≈≈.##''
##.....##.S.≈≈.#
#...)..).@..≈≈)#
...........)...≈≈.#
....#...........≈≈.#
...........##...≈≈N#
....##..#.###...≈≈N#
.... #..#.# ....≈≈...
## #...#.##....≈≈≈≈≈≈
###...##....≈≈≈≈≈≈


You could see 4 naga sharpshooters and a mana viper.

Vanquished Creatures
  Saint Roka (Orc:2)
  4 boulder beetles
  2 centaur warriors
  18 hydras
  5 two-headed ogres
  An ogre mage (D:13)
  2 death yaks (Lair:3)
  An orc high priest (Orc:2)
  A tengu warrior (D:14)
  A naga sharpshooter (Snake:1)
  A deep elf knight (D:13)
  5 skeletal warriors (D:12)
  3 orc knights
  2 deep elf zephyrmancers (D:14)
  2 deep elf pyromancers (D:14)
  A salamander (Snake:1)
  6 orc sorcerers
  An ugly thing (D:11)
  A wolf spider (D:14)
  2 manticores
  6 elephants (Lair:6)
  3 cyclopes
  12 black mambas
  4 orange demons (D:11)
  17 cane toads
  An unseen horror (D:13)
  7 rime drakes
  4 kobold demonologists
  2 efreet
  14 komodo dragons
  5 yaktaurs (D:14)
  3 red devils (D:11)
  2 trolls
  7 polar bears
  A troll (shapeshifter) (D:14)
  A hornet (shapeshifter) (D:14)
  5 hornets (Lair:6)
  19 blink frogs
  A tarantella (shapeshifter) (D:15)
  12 slime creatures
  A meliai zombie (D:11)
  9 dream sheep
  A vampire (D:12)
  Sigmund (D:5)
  17 spriggans (Lair:6)
  Eustachio (D:6)
  6 wyverns
  83 yaks
  7 basilisks
  A hog (shapeshifter) (D:13)
  A steam dragon (D:9)
  Edmund (D:5)
  A warg (Orc:1)
  An acid dragon (D:10)
  16 water moccasins
  Duvessa (D:4)
  4 nagas
  2 hell hounds (Lair:3)
  27 orc warriors
  A hornet zombie (D:6)
  2 ice beasts
  A sky beast (D:6)
  A black bear (Lair:6)
  A boggart (shapeshifter) (D:12)
  12 ogres
  36 wolves
  3 boggarts (Lair:6)
  A necrophage (D:4)
  A phantom (D:6)
  14 centaurs
  3 kobold brigands
  19 bullfrogs
  A gnoll sergeant (D:11)
  A water moccasin zombie (D:5)
  4 scorpions
  Dowan (D:4)
  3 killer bees (D:9)
  5 wights
  3 howler monkeys (D:8)
  6 electric eels
  4 jellies
  4 centaur zombies
  27 orc priests
  5 hounds
  A gnoll shaman (D:7)
  A centaur skeleton (D:6)
  2 bullfrog skeletons (D:5)
  2 iguanas (D:4)
  37 orc wizards
  Ijyb (D:3)
  A hound skeleton (D:4)
  15 gnolls
  2 howler monkey zombies
  4 adders
  A shadow imp (D:5)
  A white imp (D:7)
  A worm (D:3)
  3 dart slugs
  61 orcs
  9 ball pythons
  5 bats
  3 endoplasms
  5 giant cockroaches
  7 hobgoblins
  3 jackals (D:2)
  6 quokkas
  2 frilled lizards (D:3)
  6 goblins
  10 kobolds
  11 rats
726 creatures vanquished.

Vanquished Creatures (collateral kills)
  A gargoyle (D:12)
  3 slime creatures
4 creatures vanquished.

Vanquished Creatures (others)
  2 orcs (D:13)
  47 fungi
  148 plants
  A withered plant (D:14)
198 creatures vanquished.

Grand Total: 928 creatures vanquished

Notes
Turn   | Place    | Note
-------+----------+-------------------------------------------
     0 | D:1      | theElss the Gargoyle Berserker began the quest for the Orb.
     0 | D:1      | Reached XP level 1. HP: 14/14 MP: 1/1
   315 | D:1      | Reached XP level 2. HP: 18/19 MP: 2/2
   474 | D:1      | Found a faded altar of an unknown god.
  1244 | D:2      | Reached XP level 3. HP: 24/24 MP: 3/3
  1257 | D:2      | Reached XP level 4. HP: 27/29 MP: 4/4
  1499 | D:2      | Found a shimmering altar of Xom.
  2071 | D:3      | Reached ** piety under Trog
  2303 | D:3      | Noticed Ijyb
  2311 | D:3      | Reached XP level 5. HP: 33/33 MP: 5/5
  2318 | D:3      | Killed Ijyb
  2319 | D:3      | Reached skill level 4 in Maces & Flails
  2652 | D:4      | Found a blossoming altar of Fedhas.
  2652 | D:4      | Found a sparkling altar of Nemelex Xobeh.
  2663 | D:4      | Reached XP level 6. HP: 30/39 MP: 6/6
  2749 | D:4      | Noticed an ice beast
  2753 | D:4      | Killed an ice beast
  2799 | D:4      | Noticed a necrophage
  2814 | D:4      | Killed a necrophage
  2815 | D:4      | Reached skill level 5 in Fighting
  2816 | D:4      | Reached XP level 7. HP: 44/44 MP: 7/7
  2930 | D:4      | Noticed Duvessa
  2932 | D:4      | Noticed Dowan
  2944 | D:4      | Killed Duvessa
  2948 | D:4      | Killed Dowan
  3557 | D:5      | Entered Level 5 of the Dungeon
  3569 | D:4      | Reached skill level 5 in Maces & Flails
  3578 | D:5      | Reached skill level 5 in Armour
  3705 | D:5      | Reached XP level 8. HP: 41/51 MP: 8/8
  3788 | D:5      | You fall into a shaft and drop 3 floors!
  3812 | D:8      | Identified the +8 kite shield of Tender Moments {rElec}
  3909 | D:8      | Reached skill level 1 in Shields
  4074 | D:8      | Reached *** piety under Trog
  4204 | D:6      | Reached skill level 5 in Shields
  4221 | D:6      | Noticed Eustachio
  4261 | D:6      | Killed Eustachio
  4262 | D:6      | Reached XP level 9. HP: 55/55 MP: 9/9
  4332 | D:5      | Noticed Edmund
  4340 | D:5      | Killed Edmund
  4421 | D:5      | Noticed Sigmund
  4434 | D:5      | Killed Sigmund
  4527 | D:5      | Found the +7 Kryia's mail coat {PotionHeal*2 rC+}
  5641 | D:6      | Reached skill level 10 in Shields
  6392 | D:7      | Found the +2 ratskin cloak {*Rats rPois rN+ Str-1 Int-1
                  | Dex+1}
  6460 | D:7      | Found a staircase to the Ecumenical Temple.
  7161 | D:8      | Identified the +1 ring mail of Pantheism {rC+ Str+4 Dex+3}
  7212 | D:8      | Found a hazy altar of Hepliaklqana.
  7450 | D:9      | Reached XP level 10. HP: 58/60 MP: 10/10
  7656 | D:9      | Found a burning altar of Makhleb.
  7679 | D:9      | Noticed a two-headed ogre
  7689 | D:9      | Killed a two-headed ogre
  7697 | D:9      | Found a staircase to the Lair.
  8126 | D:10     | Entered Level 10 of the Dungeon
  8287 | D:10     | Noticed a two-headed ogre
  8297 | D:10     | Killed a two-headed ogre
  8297 | D:10     | Reached **** piety under Trog
  8298 | D:10     | Reached XP level 11. HP: 64/64 MP: 11/11
  8332 | D:10     | Reached skill level 15 in Shields
  8411 | D:10     | Found a staircase to the Orcish Mines.
  8503 | D:10     | Reached skill level 6 in Maces & Flails
  8739 | D:10     | Noticed a two-headed ogre
  8749 | D:10     | Killed a two-headed ogre
  8750 | D:10     | Reached skill level 7 in Maces & Flails
  8998 | D:10     | Reached skill level 8 in Maces & Flails
  9120 | D:10     | Paralysed by an orc warrior for 5 turns
  9488 | D:11     | Found Codghenla's Book Shop.
  9499 | D:11     | Noticed a boulder beetle
  9525 | D:11     | Noticed a soul eater
  9527 | D:11     | Reached skill level 9 in Maces & Flails
  9586 | D:11     | Killed a boulder beetle
  9587 | D:11     | Reached skill level 10 in Maces & Flails
  9906 | D:11     | Noticed a brown ugly thing
  9921 | D:11     | Killed a brown ugly thing
  9922 | D:11     | Reached XP level 12. HP: 56/70 MP: 8/12
  9937 | D:11     | Reached skill level 11 in Maces & Flails
 10312 | D:11     | Reached ***** piety under Trog
 10775 | D:12     | Reached skill level 12 in Maces & Flails
 11164 | D:12     | Reached skill level 13 in Maces & Flails
 11900 | D:13     | Reached skill level 14 in Maces & Flails
 12141 | D:13     | Noticed a two-headed ogre
 12146 | D:13     | Killed a two-headed ogre
 12165 | D:13     | Noticed a centaur warrior
 12178 | D:13     | Killed a centaur warrior
 12335 | D:13     | Reached XP level 13. HP: 65/74 MP: 11/13
 12421 | D:13     | Found Mefabran's Armour Shop.
 12860 | D:14     | Reached skill level 15 in Maces & Flails
 12935 | D:14     | Found a runed translucent gate.
 12935 | D:14     | Found a runed translucent gate.
 12935 | D:14     | Found a runed translucent gate.
 13632 | D:14     | Reached skill level 16 in Maces & Flails
 14506 | D:14     | Found a gate to the Vaults.
 14664 | D:14     | Noticed Wopp's ghost (journeyman GrEE)
 14665 | D:14     | Noticed Loaffothri's ghost (journeyman HuAr)
 14684 | D:15     | Entered Level 15 of the Dungeon
 14888 | D:15     | Noticed Louise
 14994 | Lair:1   | Entered Level 1 of the Lair of Beasts
 15019 | Lair:1   | Received a gift from Trog
 15045 | Lair:1   | Reached skill level 17 in Maces & Flails
 15849 | Lair:1   | You fall into a shaft and drop 1 floor!
 15858 | Lair:2   | Gained mutation: Your large and strong wings let you fly.
                  | [Gargoyle growth]
 15858 | Lair:2   | Reached XP level 14. HP: 54/80 MP: 8/14
 16186 | Lair:2   | Reached skill level 5 in Dodging
 16390 | Lair:2   | Found a staircase to the Shoals.
 18372 | Lair:3   | Identified the +8 dagger of Purpose {venom, +Blink SInv}
 18716 | Lair:3   | Identified the +6 mace of Tumult {speed, rF++ rC- Dex-5
                  | SInv}
 18930 | Lair:3   | Found a shadowy altar of Dithmenos.
 19438 | Lair:4   | Reached ****** piety under Trog
 19439 | Lair:4   | Reached XP level 15. HP: 89/91 MP: 15/15
 19546 | Lair:4   | Found a staircase to the Snake Pit.
 19645 | Lair:4   | Received a gift from Trog
 19884 | Lair:4   | Reached skill level 10 in Fighting
 20827 | Lair:5   | Reached skill level 10 in Armour
 20958 | Lair:5   | Found a staircase to the Slime Pits.
 21362 | Lair:6   | Entered Level 6 of the Lair of Beasts
 21418 | Lair:6   | Reached skill level 1 in Evocations
 22114 | Lair:6   | Received a gift from Trog
 23134 | Lair:6   | Identified the +3 tower shield "Biuvi" {rC++ Int+5}
 23137 | Lair:6   | Identified the +0 robe "Xojitem" {Int+2}
 23443 | Orc:1    | Entered Level 1 of the Orcish Mines
 23444 | Orc:1    | Found a runed translucent door.
 23701 | Orc:1    | Received a gift from Trog
 23766 | Orc:2    | Entered Level 2 of the Orcish Mines
 23791 | Orc:2    | Noticed Saint Roka
 24039 | Orc:1    | Reached XP level 16. HP: 50/100 MP: 6/16
 24501 | Orc:2    | Killed Saint Roka
 24769 | Orc:2    | Found a staircase to the Elven Halls.
 25224 | Orc:2    | Found Hicwu's General Store.
 25224 | Orc:2    | Found Voel's Magic Scroll Shop.
 25232 | Orc:2    | Received a gift from Trog
 25237 | Orc:2    | Found Qieraf's Antique Armour Shop.
 25361 | Orc:2    | Found Kauchy's Weapon Boutique.
 26064 | Snake:1  | Entered Level 1 of the Snake Pit
 26381 | Snake:1  | Shot with a bolt by a naga sharpshooter

Illustrated notes

Levels and vault maps discovered:
D:1:      dpeg_arrival_connections, layout_basic,
          ebering_ecumenical_altar_sacrificial, bh_walls_and_bars
D:2:      layout_loops_ring, basic_altar
D:3:      layout_loops_cross, corexii_item_surrounded_by_moat, uniq_ijyb
D:4:      layout_basic, grunt_temple_overflow_open, uniq_duvessa
D:5:      layout_cave_pools, uniq_sigmund, uniq_edmund
D:6:      layout_basic, nicolae_concentric_dashed_squares_mild,
          water_maze_lemuel, uniq_eustachio
D:7:      layout_rooms, minmay_temple_entry_slanted
D:8:      layout_gridville, kennysheep_mini
D:9:      layout_basic, mainiacjoe_overflow_small_starburst, david_lair_generic
D:10:     layout_big_octagon, minmay_orc_entry_temple_small
D:11:     layout_loops_ring, serial_shops, nicolae_shop_window_shopping,
          minmay_beelzebubs_servants
D:12:     layout_irregular_city
D:13:     layout_cave_pools, serial_shops, nicolae_shop_trees
D:14:     layout_cave_pools, hangedman_vaults_entry_quadrant_bands,
          minmay_misc_feat_columns, gammafunk_ghost_cemetery
D:15:     grunt_enter_depths_magical_seal, layout_long_grid, trog_hazing_becter,
          uniq_louise
Lair:1:   layout_loops_ring, beast_lair_carwin_9, grunt_megastairs_3
Lair:2:   layout_roguey, shoals_dummy_entry, portal_ice_cave_rime
Lair:3:   nzn_winding_woodlands_large [nzn_winding_woodlands_5x5_checkerboard,
          nzn_winding_woodlands_5x15_pockets, nzn_winding_woodlands_hourglass,
          nzn_winding_woodlands_center_triple_pond,
          nzn_winding_woodlands_15x15_boxy_spiral,
          nzn_winding_woodlands_center_pierced_h,
          nzn_winding_woodlands_5x5_closed_star,
          nzn_winding_woodlands_5x15_sawtooth,
          nzn_winding_woodlands_5x5_default], layout_cave_pods, basic_altar,
          enter_volcano_3
Lair:4:   layout_loops_ring, minmay_snake_entry_guardpost_small, dpeg_oklob_1
Lair:5:   layout_loops_ring, minmay_slime_entry_pillars, serial_bayou_shore_a,
          infiniplex_staircase_pool_2, lemuel_fruit_fields, grunt_megastairs_2,
          serial_bayou_shore_b
Lair:6:   minmay_lair_end_enchanted_forest, layout_regular_city, serial_bayou,
          serial_bayou_lake_a, serial_bayou_lagoon_a, serial_bayou_shore_b,
          serial_bayou_pond_a, serial_bayou_pond_c
Snake:1:  nicolae_snake_shooting_gallery, layout_rooms, drop_trap,
          serial_bayou_shore_b
Orc:1:    layout_diamond_mine, lightli_church_of_beogh
Orc:2:    st_orc_mages, layout_caves, lightli_orcish_oven, uniq_saint_roka

Skill      XL: |  1  2  3  4  5  6  7  8  9 10 11 12 13 14 15 16 |
---------------+-------------------------------------------------+-----
Dodging        | 2 3 4 6 8 9 |  9.0
Armour         | 3 4 5 9 11 | 11.6
Fighting       | 4 5 6 9 11 | 11.9
Maces & Flails | 4 5 10 14 17 | 17.5
Shields        | 6 11 14 15 | 15.0
Evocations     | 3 4 |  4.8

Action                   |  1- 3 |  4- 6 |  7- 9 | 10-12 | 13-15 | 16-18 || total
-------------------------+-------+-------+-------+-------+-------+-------++-------
Melee: Mace              |    52 |       |       |       |   113 |   249 ||   414
       Flail             |       |   103 |   280 |   552 |  1011 |       ||  1946
       Punch             |       |     1 |       |       |       |       ||     1
       Demon whip        |       |       |       |       |   541 |    69 ||   610
Invok: Berserk           |     1 |     3 |     4 |     6 |     2 |     2 ||    18
       Trog's Hand       |       |     2 |     1 |     1 |     1 |       ||     5
  Use: Scroll            |       |       |     3 |     2 |    14 |     3 ||    22
 Stab: Distracted        |       |       |       |     1 |       |       ||     1
Armor: Animal skin       |     8 |       |       |       |       |       ||     8
       Leather armour    |    12 |     6 |       |       |       |       ||    18
       Ring mail         |       |    39 |   105 |   154 |   345 |    74 ||   717
Dodge: Dodged            |    31 |    68 |   104 |   141 |   338 |    55 ||   737
Block: Kite shield       |       |       |   241 |   621 |  1291 |   217 ||  2370
